 Dungeon Crawl Stone Soup version 0.31-a0-102-g33a4ccc0cb (webtiles) character file.

Game seed: 4903975919220240468

77753 LustLizard the Earth Mage (level 15, -8/93 HPs)
             Began as a Gargoyle Earth Elementalist on May 24, 2023.
             Was a High Priest of Ignis.
             Mangled by a white ugly thing (15 damage)
             ... on level 15 of the Dungeon on May 26, 2023.
             The game lasted 00:44:37 (21852 turns).

LustLizard the Earth Mage (GrEE)                   Turns: 21852, Time: 00:44:38

Health: -8/93      AC: 36    Str: 17    XL:     15   Next: 57%
Magic:  13/27      EV:  8    Int: 26    God:    Ignis [*****.]
Gold:   547        SH:  0    Dex:  8    Spells: 20/31 levels left

rFire   + + +        t - +6 shillelagh "Devastator" {shatter}
rCold   + . .        j - orb {light}
rNeg    + + +        V - +0 chain mail of the Game of Life {rF+ rN+ Int+3}
rPois   ∞            z - +2 helmet {SInv}
rElec   +            X - scarf {rC+ rF+}
rCorr   +            u - +2 pair of gloves
SInv    +            (no boots)
Will    +....        d - amulet of magic regeneration Stlth
                     Z - +4 ring of protection
HPRegen 0.35/turn    T - ring "Uno Wusu" {rN+ rCorr AC+4 Int+5 Dex-2}
MPRegen 0.60/turn

%: no passive effects
@: flying, glowing
A: sickness immunity, AC +11, big wings, negative energy resistance 1,
electricity resistance, torment resistance 1, petrification resistance
a: Renounce Religion, Fiery Armour, Foxfire Swarm


You were on level 15 of the Dungeon.
You worshipped Ignis.
Ignis was extremely pleased with you.
You visited 2 branches of the dungeon, and saw 20 of its levels.

You collected 1400 gold pieces.
You spent 853 gold pieces at shops.

Inventory:

Hand Weapons
 t - the +6 shillelagh "Devastator" (weapon) {shatter}
   (You found it on level 4 of the Dungeon)
Armour
 j - an orb of light (worn)
 u - a +2 pair of gloves (worn)
 z - a +2 helmet of see invisible (worn)
 D - a scarf of repulsion
 V - the +0 chain mail of the Game of Life (worn) {rF+ rN+ Int+3}
   (You found it on level 12 of the Dungeon)

   Int:       It affects your intelligence (+3).
   rF:        It protects you from fire.
   rN:        It protects you from negative energy.
 X - a scarf of resistance (worn)
Jewellery
 d - an amulet of magic regeneration (around neck)
 s - a ring of resist corrosion
 K - a ring of fire
 L - an amulet of guardian spirit
 M - an amulet of the acrobat
 O - a ring of ice
 Q - a +6 ring of intelligence
 S - an amulet of regeneration
 T - the ring "Uno Wusu" (right hand) {rN+ rCorr AC+4 Int+5 Dex-2}
   (You bought it in a shop on level 6 of the Dungeon)

   [ring of protection]

   AC:        It affects your AC (+4).
   Int:       It affects your intelligence (+5).
   Dex:       It affects your dexterity (-2).
   rN:        It protects you from negative energy.
   rCorr:     It protects you from acid and corrosion.
 W - a ring of magical power
 Z - a +4 ring of protection (left hand)
Wands
 k - a wand of digging (14)
 l - a wand of paralysis (26)
 G - a wand of flame (50)
 R - a wand of iceblast (7)
 U - a wand of mindburst (11)
Scrolls
 a - a scroll of amnesia
 c - 7 scrolls of fog
 f - 2 scrolls of summoning
 h - a scroll of torment {unknown}
 m - 3 scrolls of enchant armour
 q - 3 scrolls of poison
 r - 12 scrolls of immolation
 x - 2 scrolls of enchant weapon
 y - 8 scrolls of teleportation
 A - a scroll of brand weapon
 E - 4 scrolls of magic mapping
 H - a scroll of blinking
 I - 2 scrolls of fear {unknown}
 Y - a scroll of silence
Potions
 b - 3 potions of magic
 e - 4 potions of might
 g - 2 potions of resistance
 n - 10 potions of curing
 o - 3 potions of berserk rage
 p - a potion of cancellation
 v - 3 potions of mutation
 w - 9 potions of lignification
 B - a potion of haste {unknown}
 C - 6 potions of heal wounds
 F - 2 potions of brilliance
 N - a potion of ambrosia {unknown}
Miscellaneous
 i - a tin of tremorstones (2/2)
 J - a lightning rod (4/4)
 P - a phantom mirror


   Skills:
 + Level 10.4 Fighting
 * Level 11.3 Maces & Flails
 + Level 6.3 Armour
 - Level 1.5 Dodging
 - Level 4.0 Stealth
 + Level 8.8 Spellcasting
 - Level 12.4 Conjurations
 * Level 7.9 Summonings
 - Level 0.7 Transmutations
 + Level 15.3 Earth Magic
 - Level 7.0 Evocations


You had 20 spell levels left.
You knew the following spells:

 Your Spells              Type           Power      Damage    Failure   Level
a - Sandblast             Erth           100%       2d20      1%          1
b - Stone Arrow           Conj/Erth      100%       3d13      1%          3
c - Summon Hydra          Summ           26%        N/A       100%        7

Your spell library contained the following spells:

 Spells                   Type           Power      Damage    Failure   Level
 Summon Small Mammal      Summ           100%       N/A       1%          1
 Passwall                 Tmut/Erth      39%        N/A       4%          2
 Call Canine Familiar     Summ           52%        N/A       5%          3
 Dazzling Flash           Conj/Hex       76%        N/A       17%         3
 Petrify                  Tmut/Erth      47%        N/A       26%         4
 Summon Guardian Golem    Hex/Summ       26%        N/A       41%         3
 Iskenderun's Mystic Bla  Conj/Tloc      38%        2d9       50%         4
 Sting                    Tmut/Pois      28%        1d4       54%         1
 Ozocubu's Armour         Ice            11%        N/A       80%         3
 Portal Projectile        Hex/Tloc       10%        N/A       91%         3
 Volatile Blastmotes      Fire/Tloc      10%        2d10      91%         3
 Agony                    Necr           11%        N/A       100%        5
 Silence                  Hex/Air        2%         N/A       100%        5
 Starburst                Conj/Fire      19%        6d7       100%        6
 Ozocubu's Refrigeration  Ice            5%         4d8       100%        7
 Chain Lightning          Conj/Air       19%        3d25      100%        9
 Fire Storm               Conj/Fire      19%        8d5       100%        9
 Shatter                  Erth           37%        3d29*     100%        9
 Wereblood                Tmut           Unusable   N/A       N/A         2
 Sublimation of Blood     Necr           Unusable   N/A       N/A         2
 Statue Form              Tmut/Erth      Unusable   N/A       N/A         6

Dungeon Overview and Level Annotations

Branches:
Dungeon (15/15)            Temple (0/1) D:5            Lair (5/5) D:11
  Swamp (0/4) Lair:2        Snake (0/4) Lair:3        Slime (0/5) Lair:4
    Orc (0/2) D:11         Vaults (0/5) D:13         Depths (0/4) D:15

Altars:
Elyvilon
Fedhas
Gozag
Hepliaklqana
Kikubaaqudgha
Makhleb
Nemelex Xobeh
Okawaru
Qazlal
Trog
Xom
Yredelemnul
Zin
The Shining One
Ignis
Jiyva
Lugonu

Shops:
D:2 :   D:4 =   D:6 =*?   D:10 *

Portals:
Abyss: Lair:5
Trove: D:12 (give 2 scrolls of acquirement)

Annotations:
D:14 3 runed translucent doors, MrSquiggles's ghost, journeyman MiFi


Innate Abilities, Weirdness & Mutations

You are immune to sickness and miasma.
Your stone body is resilient. (AC +11)
You are immune to poison.
Your large and strong wings let you fly.
You resist negative energy. (rN+)
You are resistant to electric shocks. (rElec)
You are resistant to unholy torment.
You are immune to petrification.


Message History

Aiming: Stone Arrow (safe; 1% risk of failure)
Press: ? - help, Q - select action, (/) - cycle Shift-Dir - straight line, f - white ugly thing
Aim: a white ugly thing (haloed, 84% to hit)
The stone arrow misses the white ugly thing.
The white ugly thing basks in the mutagenic energy from its kin and changes!
The cyan ugly thing pecks you. The cyan ugly thing shocks you. You resist.
The white ugly thing bites you but does no damage.
Aiming: Stone Arrow (safe; 1% risk of failure)
Press: ? - help, Q - select action, (/) - cycle Shift-Dir - straight line, f/p - white ugly thing
Aim: a white ugly thing (haloed, 84% to hit)
The stone arrow hits the white ugly thing!
The white ugly thing is lightly wounded.
The cyan ugly thing pecks you. The cyan ugly thing shocks you. You resist.
The white ugly thing bites you but does no damage.
Aiming: Stone Arrow (safe; 1% risk of failure)
Press: ? - help, Q - select action, (/) - cycle Shift-Dir - straight line, f/p - white ugly thing
Aim: a white ugly thing (lightly wounded, haloed, 84% to hit)
The stone arrow hits the white ugly thing!
The white ugly thing is moderately wounded.
The cyan ugly thing pecks you but does no damage.
The white ugly thing bites you. The white ugly thing freezes you! You resist.
* * * LOW HITPOINT WARNING * * *
Aiming: Stone Arrow (safe; 1% risk of failure)
Press: ? - help, Q - select action, (/) - cycle Shift-Dir - straight line, f/p - white ugly thing
Aim: a white ugly thing (moderately wounded, haloed, 84% to hit)
The stone arrow hits the white ugly thing!
The white ugly thing is heavily wounded.
The cyan ugly thing basks in the mutagenic energy from its kin and changes!
The white ugly thing bites you.
* * * LOW HITPOINT WARNING * * *
The white ugly thing freezes you. You resist.
* * * LOW HITPOINT WARNING * * *
Aiming: Stone Arrow (safe; 1% risk of failure)
Press: ? - help, Q - select action, (/) - cycle Shift-Dir - straight line, f/p - white ugly thing
Aim: a white ugly thing (heavily wounded, haloed, 84% to hit)
The stone arrow misses the white ugly thing.
The white ugly thing bites you!
* * * LOW HITPOINT WARNING * * *
The white ugly thing freezes you! You resist.
You die...

...# ...# #......## .....#
##....... .. ...... .......# ..
. .....# ......###. . ...#
......... .# # .#.#
.u.....###.#.# .#.##### #u#
.........# ........
#@####......## .......##
#u......###..##.. .##.#... ..
#...................
.##.#.###......###..###..#.##..
†##...#...#...#.....# ##.#.#
.#..##..........###.# #.#.#
....#?......# # #.# #.#.#
........# #. #.# #.#.#
.....#.####.# #.# #...#


You could see 3 ugly things.

Vanquished Creatures
  An emperor scorpion (D:15)
  Nessos (D:14)
  A dire elephant (D:15)
  Fannar (Lair:1)
  A catoblepas (Lair:4)
  5 hydras
  A boulder beetle (D:14)
  8 centaur warriors
  2 dancing weapons (D:13)
  3 thrashing horrors (Lair:5)
  9 death yaks
  Nergalle (D:10)
  Sonja (Lair:2)
  5 skeletal warriors (D:14)
  A fire crab (Lair:3)
  A manticore (D:15)
  15 ugly things
  A salamander (D:15)
  2 deep elf pyromancers
  2 cyclopes (D:14)
  7 elephants
  7 black mambas
  A smoke demon (Lair:5)
  13 cane toads
  A gargoyle (D:13)
  2 torpor snails
  Maggie (Lair:1)
  A yaktaur (shapeshifter) (D:14)
  6 komodo dragons
  2 efreet (D:13)
  2 ancient zymes (Lair:5)
  3 trolls
  2 polar bears
  24 blink frogs
  A ynoxinul (Lair:5)
  10 slime creatures
  5 wraiths
  82 yaks
  3 large abominations (Lair:5)
  2 shadows
  A spriggan (Lair:5)
  A vampire (D:12)
  A basilisk (shapeshifter) (Lair:5)
  3 wyverns
  8 basilisks
  5 humans (D:8)
  A steam dragon (D:6)
  A chaos spawn (Lair:5)
  2 vampire mosquitoes (D:9)
  A warg (shapeshifter) (D:13)
  2 wargs (D:11)
  Edmund (D:5)
  An acid dragon (D:13)
  3 nagas (Lair:3)
  11 water moccasins
  Duvessa (D:6)
  A sky beast (D:8)
  An orc warrior (D:11)
  An ice beast (D:6)
  An ogre (D:4)
  3 black bears
  A black bear (shapeshifter) (Lair:5)
  A wolf (shapeshifter) (Lair:5)
  5 wolves (Lair:5)
  14 centaurs
  A phantom (D:5)
  A kobold brigand (D:7)
  12 small abominations (Lair:5)
  6 bullfrogs
  3 scorpions
  Dowan (D:6)
  16 wights (D:8)
  6 killer bees (D:8)
  2 howler monkeys (D:13)
  An electric eel (Lair:2)
  2 gnoll boudas
  6 hounds
  4 jellies
  8 orc priests
  An iguana (D:4)
  Natasha (thrice) (D:4)
  12 orc wizards
  4 hell rats (Lair:3)
  8 adders
  10 gnolls
  2 white imps
  3 worms
  2 dart slugs (D:1)
  44 orcs
  3 ball pythons
  6 endoplasms
  3 giant cockroaches (D:1)
  9 goblins
  12 hobgoblins
  16 kobolds
  4 quokkas
  5 bats
  4 frilled lizards
  3 rats
  A fire vortex (Lair:4)
532 creatures vanquished.

Vanquished Creatures (collateral kills)
  Snorg (D:12)
1 creature vanquished.

Grand Total: 533 creatures vanquished

Notes
Turn   | Place    | Note
-------+----------+-------------------------------------------
     0 | D:1      | LustLizard the Gargoyle Earth Elementalist began the quest
                  | for the Orb.
     0 | D:1      | Reached XP level 1. HP: 10/10 MP: 3/3
   161 | D:1      | Reached XP level 2. HP: 16/16 MP: 1/5
   276 | D:1      | Reached skill level 4 in Earth Magic
   530 | D:1      | Reached skill level 1 in Fighting
   530 | D:1      | Reached XP level 3. HP: 16/20 MP: 3/6
   557 | D:1      | Found a faded altar of an unknown god.
   594 | D:1      | Prayed at the altar of an unknown god.
   594 | D:1      | Became a worshipper of Ignis, the Dying Flame
  1437 | D:2      | Reached XP level 4. HP: 25/25 MP: 4/7
  1802 | D:2      | Found Dausiq's Vocational Training.
  2346 | D:3      | Reached skill level 5 in Earth Magic
  2348 | D:3      | Reached XP level 5. HP: 30/30 MP: 1/8
  2494 | D:3      | Found a shimmering altar of Xom.
  2729 | D:4      | Found the +6 shillelagh "Devastator" {shatter}
  2765 | D:4      | Noticed an ogre
  2777 | D:4      | Killed an ogre
  2811 | D:4      | Reached XP level 6. HP: 30/36 MP: 2/10
  2975 | D:4      | Found Capyfrav's Jewellery Emporium.
  3030 | D:4      | Found a blossoming altar of Fedhas.
  3043 | D:4      | Found a stormy altar of Qazlal.
  3211 | D:4      | Noticed Natasha
  3258 | D:4      | Killed Natasha
  3339 | D:4      | Reached skill level 6 in Earth Magic
  3581 | D:4      | Found a glowing silver altar of Zin.
  3581 | D:4      | Noticed Natasha
  3583 | D:4      | Found an opulent altar of Gozag.
  3670 | D:4      | Found a hazy altar of Hepliaklqana.
  3673 | D:4      | Found a burning altar of Makhleb.
  3701 | D:4      | Noticed a black bear
  3706 | D:4      | Killed a black bear
  3707 | D:4      | Reached skill level 1 in Maces & Flails
  3707 | D:4      | Reached XP level 7. HP: 41/41 MP: 8/11
  3711 | D:4      | Learned a level 3 spell: Stone Arrow
  3795 | D:5      | Entered Level 5 of the Dungeon
  3850 | D:5      | Found a white marble altar of Elyvilon.
  3856 | D:4      | Found a basalt altar of Yredelemnul.
  3858 | D:4      | Killed Natasha
  3917 | D:5      | Reached skill level 1 in Conjurations
  4012 | D:4      | Noticed Natasha
  4013 | D:4      | Killed Natasha
  4221 | D:5      | Reached skill level 7 in Earth Magic
  4269 | D:5      | You fall into a shaft and drop 1 floor!
  4535 | D:5      | Found an ancient bone altar of Kikubaaqudgha.
  4626 | D:5      | Reached XP level 8. HP: 48/48 MP: 8/13
  4659 | D:5      | Noticed Edmund
  4664 | D:5      | Killed Edmund
  4709 | D:5      | Found a staircase to the Ecumenical Temple.
  5124 | D:5      | Found an iron altar of Okawaru.
  5641 | D:6      | Reached skill level 8 in Earth Magic
  5718 | D:6      | Noticed Dowan
  5718 | D:6      | Noticed Duvessa
  5727 | D:6      | Killed Duvessa
  5737 | D:6      | Killed Dowan
  5738 | D:6      | Reached XP level 9. HP: 44/52 MP: 9/15
  5927 | D:6      | Found Ibou's Jewellery Boutique.
  5929 | D:6      | Found Himos's General Store.
  5996 | D:6      | Found Quiwned's Magic Scroll Shoppe.
  6013 | D:6      | Bought a scroll of magic mapping for 75 gold pieces
  6013 | D:6      | Bought a scroll of teleportation for 30 gold pieces
  6013 | D:6      | Bought a scroll of identify for 20 gold pieces
  6031 | D:6      | Reached skill level 5 in Conjurations
  6068 | D:6      | Found a glowing golden altar of the Shining One.
  6363 | D:7      | Reached skill level 5 in Fighting
  6472 | D:7      | Reached skill level 9 in Earth Magic
  7216 | D:8      | Reached skill level 5 in Spellcasting
  7570 | D:8      | Reached skill level 10 in Earth Magic
  7570 | D:8      | Reached XP level 10. HP: 60/60 MP: 12/17
  7591 | D:8      | Reached skill level 5 in Maces & Flails
  7774 | D:8      | Reached skill level 11 in Earth Magic
  8378 | D:9      | Reached skill level 1 in Evocations
  8378 | D:9      | Reached XP level 11. HP: 41/67 MP: 11/20
  8932 | D:10     | Entered Level 10 of the Dungeon
  8936 | D:10     | Noticed Nergalle
  9126 | D:10     | Killed Nergalle
  9226 | D:10     | Reached skill level 12 in Earth Magic
  9281 | D:10     | Found a bloodstained altar of Trog.
  9828 | D:10     | Found Toxtef's Assorted Antiques.
  9836 | D:10     | Bought a scroll labelled IDWORA LADI for 27 gold pieces
  9836 | D:10     | Bought a murky golden potion for 24 gold pieces
  9836 | D:10     | Bought a scroll labelled QIKEHU XAYNURU for 27 gold pieces
 10179 | D:11     | Found a staircase to the Orcish Mines.
 10301 | D:11     | Found a staircase to the Lair.
 11002 | D:12     | Noticed Snorg
 11005 | D:12     | Killed Snorg
 11233 | D:6      | Bought the ring "Uno Wusu" {rN+ rCorr AC+4 Int+5 Dex-2} for
                  | 650 gold pieces
 11402 | D:12     | Found a sparkling altar of Nemelex Xobeh.
 11536 | D:12     | Found a portal to a secret trove of treasure.
 11637 | D:12     | Reached XP level 12. HP: 49/73 MP: 19/22
 11910 | D:12     | Learned a level 7 spell: Summon Hydra
 11967 | D:12     | Reached skill level 10 in Conjurations
 12043 | D:12     | Identified the +5 hand axe "Tiacoh" {vamp, rF+ rC+}
 12179 | D:12     | Identified the +0 chain mail of the Game of Life {rF+ rN+
                  | Int+3}
 12326 | D:13     | Noticed a centaur warrior
 12336 | D:13     | Killed a centaur warrior
 12337 | D:13     | Reached skill level 1 in Summonings
 12412 | D:13     | Found a gate to the Vaults.
 12606 | Lair:1   | Entered Level 1 of the Lair of Beasts
 12613 | Lair:1   | Reached skill level 1 in Armour
 12806 | Lair:1   | Reached skill level 13 in Earth Magic
 12823 | Lair:1   | Noticed Maggie
 12824 | Lair:1   | Reached skill level 5 in Evocations
 12824 | Lair:1   | Noticed Fannar
 12848 | Lair:1   | Killed Fannar
 12854 | Lair:1   | Killed Maggie
 13466 | Lair:2   | Upgraded the game from 0.31-a0-83-gbff143cfd1 to
                  | 0.31-a0-102-g33a4ccc0cb
 13659 | Lair:2   | Found a staircase to the Swamp.
 13720 | Lair:2   | Noticed a six-headed hydra
 13725 | Lair:2   | Killed a six-headed hydra
 13796 | Lair:2   | Noticed Sonja
 13801 | Lair:2   | Killed Sonja
 13802 | Lair:2   | Reached XP level 13. HP: 79/79 MP: 23/23
 15385 | Lair:3   | Found a staircase to the Snake Pit.
 15538 | Lair:3   | Reached skill level 14 in Earth Magic
 16079 | Lair:4   | Reached skill level 5 in Summonings
 16146 | Lair:4   | Found a viscous altar of Jiyva.
 16146 | Lair:4   | Found a staircase to the Slime Pits.
 16287 | Lair:4   | Gained mutation: Your large and strong wings let you fly.
                  | [Gargoyle growth]
 16287 | Lair:4   | Reached XP level 14. HP: 79/86 MP: 23/25
 16598 | Lair:5   | Entered Level 5 of the Lair of Beasts
 17959 | Lair:5   | Reached skill level 10 in Maces & Flails
 18408 | Lair:5   | Reached skill level 15 in Earth Magic
 18472 | Lair:5   | Found a corrupted altar of Lugonu.
 18472 | Lair:5   | Found a one-way gate to the infinite horrors of the Abyss.
 19235 | D:13     | Reached skill level 5 in Armour
 19746 | D:13     | Reached XP level 15. HP: 90/92 MP: 9/27
 19823 | D:13     | Found Jiojakakh's Overcharged Wands.
 19907 | D:14     | Noticed Nessos
 19914 | D:14     | Killed Nessos
 19987 | D:14     | Reached skill level 10 in Fighting
 20146 | D:14     | Got the Papyrus of Mutated Peregrination
 20295 | D:14     | Found a bloodstained altar of Trog.
 20529 | D:14     | Found a runed translucent gate.
 20530 | D:14     | Found a runed translucent gate.
 20531 | D:14     | Found a runed translucent gate.
 20531 | D:14     | Noticed MrSquiggles's ghost (journeyman MiFi)
 20909 | D:15     | Entered Level 15 of the Dungeon
 20999 | D:15     | Noticed an emperor scorpion
 21022 | D:15     | Killed an emperor scorpion
 21028 | D:15     | Found a staircase to the Depths.
 21736 | D:15     | Found an opulent altar of Gozag.
 21852 | D:15     | Mangled by a white ugly thing

Illustrated notes

Levels and vault maps discovered:
D:1:      dpeg_arrival_oval, layout_basic,
          shapermc_ecumenical_altar_totnotflames
D:2:      layout_basic, nicolae_shop_vocational
D:3:      cheibrodos_old_hovel, layout_rooms, lemuel_coloured_pillars_altar,
          chequers_serial_rivers_small_3
D:4:      layout_basic, grunt_temple_overflow_forces_of_nature,
          nicolae_overflow_hidden_temple, serial_shops, shop,
          dilly_guarded_unrand_devastator, uniq_natasha
D:5:      layout_loops_corners, marbit_many_paths, mainiacjoe_overflow_paths,
          mainiacjoe_overflow_cross_hatched, lemuel_temple_firewalk_b,
          uniq_edmund
D:6:      layout_gridville, lemuel_round_altar, serial_shops, shop, shop,
          nicolae_shop_window_shopping, uniq_duvessa
D:7:      layout_loops_ring
D:8:      layout_rooms, minmay_ruffians
D:9:      layout_rooms
D:10:     layout_loops_ring, mainiacjoe_overflow_chevrons, serial_shops, shop,
          uniq_nergalle
D:11:     layout_basic, david_lair_shrubbed, erik_orc_3
D:12:     layout_irregular_city, nicolae_trove_entry_free_sample,
          nemelex_xobeh_ov_fountains_minmay, uniq_snorg
D:13:     layout_roguey, erik_vaults_1, nicolae_shop_overcharged_wands
D:14:     layout_loops_ring, minmay_misc_feat_diagonals,
          gammafunk_ghost_spectres, trog_hazing_becter, uniq_nessos
D:15:     hangedman_depths_entry_try_elsewhere_first, layout_rooms,
          nicolae_gozag_seed_capital, uniq_azrael
Lair:1:   layout_misc_corridors, uniq_fannar, uniq_maggie
Lair:2:   layout_big_grid, swamp_mist_pool, minivault_25, uniq_sonja
Lair:3:   layout_cave_pods, minmay_snake_entry_guardpost_small,
          grunt_megastairs_1
Lair:4:   layout_gridlike, dpeg_slime_entry_corner, grunt_megastairs_2
Lair:5:   hellmonk_lair_end_abyssal_woods, layout_small_grid,
          nicolae_lair_yak_garden

Skill      XL: |  1  2  3  4  5  6  7  8  9 10 11 12 13 14 15 |
---------------+----------------------------------------------+-----
Earth Magic    | 4 5 6 7 8 10 11 12 13 14 15 | 15.3
Fighting       | 1 2 3 4 5 7 8 9 10 | 10.4
Stealth        | 3 4 |  4.0
Spellcasting   | 3 4 5 6 7 8 |  8.8
Maces & Flails | 1 2 3 4 5 6 8 9 10 11 | 11.3
Conjurations   | 2 4 6 8 9 10 11 12 | 12.4
Evocations     | 1 4 5 6 7 |  7.0
Summonings     | 3 5 6 7 |  7.9
Armour         | 2 3 5 6 |  6.3
Dodging        | |  1.5
Transmutations | |  0.7

Action                     |  1- 3 |  4- 6 |  7- 9 | 10-12 | 13-15 || total
---------------------------+-------+-------+-------+-------+-------++-------
  Melee: Shillelagh        |       |       |    30 |   170 |   256 ||   456
  Throw: Dart              |       |     1 |       |       |       ||     1
   Cast: Sandblast         |    48 |    80 |   143 |   158 |       ||   429
         Stone Arrow       |       |       |     1 |    60 |   418 ||   479
 Invoke: Rising Flame      |       |       |       |     1 |       ||     1
         Fiery Armour      |       |       |       |       |     1 ||     1
  Evoke: Phantom mirror    |       |       |       |     1 |       ||     1
    Use: Scroll            |       |     5 |     6 |     6 |     8 ||    25
         Potion            |       |       |       |     2 |       ||     2
   Stab: Distracted        |       |       |       |       |     1 ||     1
 Armour: Leather armour    |     4 |    22 |    68 |    77 |       ||   171
         Robe              |       |       |       |    34 |       ||    34
         Chain mail        |       |       |       |    53 |   330 ||   383
  Dodge: Dodged            |     5 |    25 |    80 |   160 |   163 ||   433

Table legend: (Time is in decaauts)
 A = Elapsed time spent in this place.
 B = Non-inter-level travel time spent in this place.
 C = Inter-level travel time spent in this place.
 D = Time resting spent in this place.
 E = Time spent auto-exploring this place.
 F = Levels seen in this place.
 G = Mean time per level.
                   A        B        C        D        E       F      G
               +--------+--------+--------+--------+--------+-----+--------+
         Total |  22091 |  20790 |   1301 |   1382 |  16200 |  20 | 1104.6 |
       Dungeon |  15804 |  14731 |   1073 |    633 |  11866 |  15 | 1053.6 |
          Lair |   6287 |   6059 |    228 |    749 |   4334 |   5 | 1257.4 |
               +--------+--------+--------+--------+--------+-----+--------+

Top non-repeatable levels by time:
  Lair:5: 2085 daAuts
    D:14: 1668 daAuts
  Lair:3: 1475 daAuts
     D:5: 1429 daAuts
     D:4: 1297 daAuts
     D:1: 1263 daAuts
    D:11: 1255 daAuts
     D:8: 1225 daAuts
    D:12: 1197 daAuts
     D:6: 1183 daAuts
  Lair:4: 1094 daAuts
    D:13: 999 daAuts
     D:7: 919 daAuts
     D:9: 896 daAuts
  Lair:2: 824 daAuts
